 Dungeon Crawl Stone Soup version 0.30-a0-40-gc6d0f036a7 (webtiles) character file.

Game seed: 6947564773497387178

152 dreadwin the Grave Robber (level 5, -2/28 HPs)
             Began as a Deep Elf Necromancer on Aug 29, 2022.
             Slain by Grinder (5 damage)
             ... on level 3 of the Dungeon.
             The game lasted 00:10:52 (2071 turns).

dreadwin the Grave Robber (Deep Elf Necromancer)    Turns: 2071, Time: 00:10:52

Health: -2/28      AC:  3    Str: 11    XL:     5   Next: 11%
Magic:  2/14       EV: 12    Int: 22    God:
Gold:   80         SH:  0    Dex: 15    Spells: 2/14 levels left

rFire   . . .      SeeInvis .    d - +0 dagger
rCold   . . .      Faith    .    (no shield)
rNeg    . . .      Spirit   .    a - +0 robe
rPois   .          Reflect  .    (no helmet)
rElec   .          Harm     .    q - +0 cloak
rCorr   .          Rampage  .    (no gloves)
Will    .....                    (no boots)
Stlth   ++........               (no amulet)
HPRegen 0.09/turn                n - +6 ring of strength
MPRegen 0.14/turn                (no ring)

@: no status effects
A: no striking features
a: no special abilities


You were on level 3 of the Dungeon.
You visited 1 branch of the dungeon, and saw 3 of its levels.

You collected 135 gold pieces.
You spent 55 gold pieces at shops.

Inventory:

Hand Weapons
 d - a +0 dagger (weapon)
Armour
 a - a +0 robe (worn)
 q - a +0 cloak (worn)
Jewellery
 n - a +6 ring of strength (left hand)
Scrolls
 c - 2 scrolls of immolation
 e - a scroll of identify
 g - a scroll of blinking
 h - 2 scrolls of noise
 i - a scroll of vulnerability
 j - 2 scrolls of teleportation
 k - a scroll of fear {unknown}
 o - 2 scrolls of brand weapon {unknown}
Potions
 b - a potion of magic
 f - 2 potions of brilliance
 l - 2 potions of curing {unknown}
 m - a potion of flight {unknown}
 r - 2 potions of cancellation {unknown}


   Skills:
 + Level 2.5 Dodging
 + Level 2.7 Stealth
 + Level 5.3 Spellcasting
 + Level 6.4 Necromancy


You had 2 spell levels left.
You knew the following spells:

 Your Spells              Type           Power      Damage    Failure   Level
a - Necrotise             Necr           100%       1d9       1%          1
b - Vampiric Draining     Necr           34%        2d8       2%          3
c - Animate Dead          Necr           34%        N/A       7%          4
d - Dispel Undead         Necr           34%        3d15      7%          4

Your spell library contained the following spells:

 Spells                   Type           Power      Damage    Failure   Level
 Static Discharge         Conj/Air       10%        3-4/arc   14%         2
 Agony                    Necr           34%        N/A       21%         5
 Sticky Flame             Conj/Fire      5%         2d3       67%         4


Dungeon Overview and Level Annotations

Branches:
Dungeon (3/15)

Altars:
Gozag

Shops:
D:2 *   D:3 (!*[

Annotations:
D:3 Grinder


Message History

Things that are here:
a +0 club; 3 poisoned darts; a kobold corpse Grinder hits you but does no damage.
You see here a scroll of identify.
Grinder hits you.
You writhe in agony.
Grinder attacks as you move away! Grinder hits you!
You writhe in agony.
Grinder attacks as you move away! Grinder misses you.
Grinder blinks!
Grinder gestures at you. Pain shoots through your body!
* * * LOW HITPOINT WARNING * * *
Casting: Necrotise (safe; 1% risk of failure)
Confirm with . or Enter, or press ? or * to list all spells.
You can't see any susceptible monsters within range! (Use Z to cast anyway.) Unknown command.
Casting: Necrotise (safe; 1% risk of failure)
Confirm with . or Enter, or press ? or * to list all spells.
You can't see any susceptible monsters within range! (Use Z to cast anyway.)
Casting: Necrotise (safe; 1% risk of failure)
Confirm with . or Enter, or press ? or * to list all spells.
You don't know that spell.
Casting: Necrotise (safe; 1% risk of failure)
Confirm with . or Enter, or press ? or * to list all spells.
You can't see any susceptible monsters within range! (Use Z to cast anyway.)
Casting: Necrotise (safe; 1% risk of failure)
Confirm with . or Enter, or press ? or * to list all spells.
Okay, then.
You see here a scroll of identify.
Casting: Necrotise (safe; 1% risk of failure)
Confirm with . or Enter, or press ? or * to list all spells.
You can't see any susceptible monsters within range! (Use Z to cast anyway.) Unknown command.
You closely miss Grinder.
Grinder is lightly wounded.
Grinder barely misses you.
You hit Grinder but do no damage.
Grinder is lightly wounded.
Grinder hits you.
* * * LOW HITPOINT WARNING * * *
You writhe in agony.
You die...

.## ### ## ..# #.. ..## #
..# #.# #.###..##.## ..#
#.# #.#...∩.....
.######.#####.#....##.#.
..............#....# #
..####.....#..#....##.#
..# #.∩..............#.#
..# #.........5@†......#
..####..........).......#
..##.....##..###...###..#
<........##..# #...# ..#
#..########..# #...#
##...# #... ...... #
....# ##.##..#####
........ ..##.##
.##...### ####.


You could see Grinder.

Vanquished Creatures
  A kobold brigand (D:3)
  2 adders (D:2)
  A worm (D:2)
  3 dart slugs
  4 ball pythons (D:2)
  6 bats
  3 endoplasms
  3 giant cockroaches
  5 goblins
  2 hobgoblins
  7 jackals
  2 quokkas
  A frilled lizard (D:1)
  5 kobolds
  6 rats
51 creatures vanquished.

Vanquished Creatures (collateral kills)
  A goblin (D:1)
  A kobold (D:2)
2 creatures vanquished.

Vanquished Creatures (others)
  A plant (D:3)
1 creature vanquished.

Grand Total: 54 creatures vanquished

Notes
Turn   | Place    | Note
-------+----------+-------------------------------------------
     0 | D:1      | dreadwin the Deep Elf Necromancer began the quest for the
                  | Orb.
     0 | D:1      | Reached XP level 1. HP: 10/10 MP: 6/6
    49 | D:1      | Reached skill level 5 in Necromancy
   217 | D:1      | Reached XP level 2. HP: 15/15 MP: 4/8
   821 | D:2      | Found an opulent altar of Gozag.
   824 | D:2      | Reached XP level 3. HP: 19/19 MP: 6/10
   828 | D:2      | Learned a level 3 spell: Vampiric Draining
  1155 | D:2      | Found Dumid's Assorted Antiques.
  1254 | D:2      | Reached XP level 4. HP: 24/24 MP: 8/12
  1743 | D:3      | Found Manetam's Antique Weapon Emporium.
  1754 | D:3      | Learned a level 4 spell: Animate Dead
  1767 | D:3      | Found Ekhlotus's Distillery.
  1775 | D:3      | Bought a potion of heal wounds for 55 gold pieces
  1802 | D:3      | Learned a level 4 spell: Dispel Undead
  1877 | D:3      | Reached skill level 6 in Necromancy
  2013 | D:3      | Found Zaucusem's General Store.
  2039 | D:3      | Found Ocyafosm's Armour Shop.
  2042 | D:3      | Noticed Grinder
  2043 | D:3      | Noticed a kobold brigand
  2048 | D:3      | Paralysed by Grinder for 3 turns
  2053 | D:3      | Killed a kobold brigand
  2054 | D:3      | Reached skill level 5 in Spellcasting
  2054 | D:3      | Reached XP level 5. HP: 3/28 MP: 1/14
  2071 | D:3      | Slain by Grinder

Illustrated notes

Levels and vault maps discovered:
D:1:      doesnt_arrival_eight_statues, layout_basic, minmay_3d_cube
D:2:      layout_basic, serial_shops, nicolae_shop_advertising_works
          [nicolae_subvault_shop_adworks], basic_altar, dk_vineyard_3
D:3:      layout_loops_ring, serial_shops, shop, shop_statue,
          nicolae_shop_overgrown_old_shop, shop, uniq_grinder

Skill      XL: |  1  2  3  4 |
---------------+-------------+-----
Necromancy     | 5 6 |  6.4
Spellcasting   | 4 5 |  5.3
Dodging        | |  2.5
Stealth        | |  2.7

Action                   |  1- 3 |  4- 6 || total
-------------------------+-------+-------++-------
Melee: Dagger            |     6 |     4 ||    10
 Cast: Necrotise         |    56 |    19 ||    75
       Vampiric Draining |       |     3 ||     3
  Use: Potion            |     1 |     1 ||     2
       Scroll            |     4 |     1 ||     5
Armor: Robe              |     6 |     4 ||    10
Dodge: Dodged            |     7 |     5 ||    12

Table legend: (Time is in decaauts)
 A = Elapsed time spent in this place.
 B = Non-inter-level travel time spent in this place.
 C = Inter-level travel time spent in this place.
 D = Time resting spent in this place.
 E = Time spent auto-exploring this place.
 F = Levels seen in this place.
 G = Mean time per level.
                   A        B        C        D        E       F      G
               +--------+--------+--------+--------+--------+-----+--------+
         Total |   2071 |   2065 |      6 |      0 |   1522 |   3 |  690.3 |
       Dungeon |   2071 |   2065 |      6 |      0 |   1522 |   3 |  690.3 |
               +--------+--------+--------+--------+--------+-----+--------+

Top non-repeatable levels by time:
     D:2: 928 daAuts
     D:1: 811 daAuts
     D:3: 331 daAuts
